 Dungeon Sprint DCSS version 0.21-a0-352-g5b8f553 (webtiles) character file.

53 Kidiri the Cudgeler (level 3, -2/34 HPs)
             Began as a Draconian Gladiator on Oct 10, 2017.
             Drowned by a water elemental (8 damage)
             ... in the Dungeon (Sprint III: "The Ten Rune Challenge").
             The game lasted 00:02:37 (605 turns).

Kidiri the Cudgeler (Draconian Gladiator)            Turns: 605, Time: 00:02:38

Health: -2/34      AC:  5    Str: 17    XL:     3   Next: 64%
Magic:  3/3        EV: 13    Int:  8    God:
Gold:   22         SH:  0    Dex: 10    Spells: 2/2 levels left

rFire    . . .     SeeInvis .   a - +0 flail
rCold    + . .     Gourm    .   (no shield)
rNeg     . . .     Faith    .   (armour unavailable)
rPois    .         Spirit   .   b - +0 hat
rElec    .         Reflect  .   (no cloak)
rCorr    .         Harm     .   (no gloves)
MR       .....     NoTele   +   (no boots)
Stlth    +.........             (no amulet)
HPRegen  0.11/turn              (no ring)
MPRegen  0.08/turn              (no ring)

@: engulfed (cannot breathe), flying
A: unfitting armour, clumsy 1, cold resistance 1, evolution 1, cold-blooded, AC
+5
a: no special abilities


You were in the Dungeon.
You were not hungry.

You visited 1 branch You collected 22 gold pieces.

Inventory:

Hand Weapons
 a - a +0 flail (weapon)
Missiles
 c - 3 throwing nets (quivered)
Armour
 b - a +0 hat (worn)
Scrolls
 j - a scroll of blinking
 k - a scroll of immolation {unknown}
 l - a scroll of amnesia {unknown}
 m - a scroll of remove curse {unknown}
 p - a scroll of holy word {unknown}
 q - a scroll of identify {unknown}
 r - a scroll of enchant weapon {unknown}
Potions
 e - a potion of curing
 g - a potion of haste
 h - 2 potions of magic
 i - a potion of berserk rage
 o - a potion of flight
 t - a potion of mutation
Comestibles
 d - a bread ration
 n - a royal jelly
 s - 4 fruits


   Skills:
 * Level 4.6 Fighting
 * Level 4.9 Maces & Flails
 + Level 3.0 Throwing
 * Level 4.4 Dodging


You had 2 spell levels left.
You didn't know any spells.

Dungeon Overview and Level Annotations

Branches:
Dungeon (1/1)

Altars:


Innate Abilities, Weirdness & Mutations

Your plain brown scales are hard. (AC +5)
You cannot fit into any form of body armour.
You are cold-blooded and may be slowed by cold attacks.
You are clumsy. (Dex -2)
Your flesh is cold resistant. (rC+)
You evolve.


Message History

You closely miss the water elemental. You tail-slap the water elemental.
The water elemental is lightly damaged.
The water elemental hits you!
The water elemental engulfs you in water!
The water elemental barely misses you.
You hit the water elemental but do no damage.
Your tail-slap misses the water elemental.
The water elemental is lightly damaged.
Your lungs strain for air!
The water elemental closely misses you.
Unknown command.
You hit the water elemental.
The water elemental is moderately damaged.
* * * LOW HITPOINT WARNING * * *
Your lungs strain for air!
The water elemental hits you.
* * * LOW HITPOINT WARNING * * *
You closely miss the water elemental.
The water elemental is moderately damaged.
You die...

▓.....#....≈.♣♣♣..###+#
▓.....#...≈≈.♣♣.♣.#....
▓....[#..≈≈≈≈♣....'.⌠..
▓####'#..≈≈≈≈≈≈...#...#
▓.....#.≈≈≈≈≈≈....# ⌠.#
▓.....#.≈≈≈≈≈.....# .#
▓.....#.≈≈≈.......# #
▓'#####E..........#
▓.....@...........#
▓▓▓▓▓▓▓▓▓▓▓▓▓▓▓▓▓▓▓


You could see a water elemental.

Vanquished Creatures
  Jessica (D)
  A human (D)
  An ooze (D)
  A phantom (D)
  2 rats (D)
6 creatures vanquished.

Vanquished Creatures (others)
  2 draconian scorchers (D)
  6 hellions (D)
  A yaktaur (D)
9 creatures vanquished.

Grand Total: 15 creatures vanquished

Notes
Turn   | Place    | Note
-------+----------+-------------------------------------------
     0 | D        | Kidiri the Draconian Gladiator began the quest for the Orb.
     0 | D        | Reached XP level 1. HP: 17/17 MP: 1/1
    15 | D        | Noticed Jessica
    35 | D        | Killed Jessica
    35 | D        | Reached XP level 2. HP: 14/27 MP: 2/2
    35 | D        | Reached XP level 3. HP: 17/33 MP: 3/3
    65 | D        | Killed a yaktaur
    83 | D        | Killed a hellion
    90 | D        | Killed a hellion
   100 | D        | Killed a hellion
   140 | D        | Killed a white draconian scorcher
   151 | D        | Killed a white draconian scorcher
   180 | D        | Killed a hellion
   217 | D        | Gained mutation: Your mind is acute. (Int +2) [potion of mutation]
   217 | D        | Gained mutation: Your flesh is heat resistant. (rF+) [potion of mutation]
   218 | D        | Lost mutation: Your mind is acute. (Int +2) [potion of mutation]
   218 | D        | Lost mutation: Your flesh is heat resistant. (rF+) [potion of mutation]
   218 | D        | Gained mutation: You are weak. (Str -2) [potion of mutation]
   218 | D        | Gained mutation: You are robust. (+10% HP) [potion of mutation]
   219 | D        | Lost mutation: You are robust. (+10% HP) [potion of mutation]
   219 | D        | Gained mutation: You are frail. (-10% HP) [potion of mutation]
   219 | D        | Gained mutation: You are agile. (Dex +2) [potion of mutation]
   220 | D        | Lost mutation: You are agile. (Dex +2) [potion of mutation]
   220 | D        | Lost mutation: You are weak. (Str -2) [potion of mutation]
   220 | D        | Lost mutation: You are frail. (-10% HP) [potion of mutation]
   220 | D        | Gained mutation: You are clumsy. (Dex -2) [potion of mutation]
   220 | D        | Gained mutation: You evolve. [potion of mutation]
   220 | D        | Gained mutation: Your flesh is cold resistant. (rC+) [potion of mutation]
   350 | D        | Noticed a water elemental
   450 | D        | Killed a hellion
   509 | D        | Killed a hellion
   605 | D        | Drowned by a water elemental

Vault maps used:
D:        dungeon_sprint_mu

Skill      XL: |  1  2  3 |
---------------+----------+-----
Throwing       | 2 3 |  3.0
Dodging        | 4 |  4.4
Fighting       | 4 |  4.6
Maces & Flails | 4 |  4.9

Action                   || total
-------------------------++-------
Melee: Flail             ||    37
       Tailslap          ||     4
  Use: Potion            ||     7
       Scroll            ||     1
 Stab: Sleeping          ||     1
Armor: Skin              ||     6
Dodge: Dodged            ||    22

Table legend:
 A = Spawn XP
 B = Non-spawn XP
 C = Spawn XP percentage of total XP
 D = Spawn monster count
 E = Non-spawn monster count
 F = Spawn count percentage of total count
 G = Total turns spent on level
                    A         B        C        D         E        F      G
               +---------+---------+-------+---------+---------+-------+---------
         Total |       0 |      77 |   0.0 |       0 |       6 |   0.0 |   605
               +---------+---------+-------+---------+---------+-------+---------
             D |       0 |      77 |   0.0 |       0 |       6 |   0.0 |   605
               +---------+---------+-------+---------+---------+-------+---------
